Map: Cyber Forest LE

Players

Serral - Winner!

  • Race: Zerg Zerg
  • League: Master
  • Spawn Location: 11:00

Rail

  • Race: Protoss Protoss
  • League: Grandmaster
  • Spawn Location: 5:00

Event: 2019 WCS Winter Europe

VOD

Have the link to the VOD?

Description

Time

  • Played on: March 23, 2019, 11 a.m.
  • Length: 9:10

All games in this series

Show
View Real Time Build Order
Export as new Build Order

Serral Zerg - Winner!

Build Orders: Hatch First, Swarm Host 

Get SALT Encoding   

  12  0:00  Drone  
  13  0:12  Overlord  
  13  0:17  Drone  
  14  0:31  Drone x2  
  16  0:48  Hatchery  
  15  0:51  Drone  
  15  0:54  Drone  
  17  0:58  Drone  
  18  1:08  Extractor  
  17  1:13  Spawning Pool  
  17  1:16  Drone  
  17  1:20  Drone  
  18  1:28  Drone  
  19  1:38  Drone  
  20  1:49  Overlord  
  20  2:01  Queen x2  
  20  2:02  Zergling x4  
  26  2:10  Metabolic Boost  
  26  2:11  Drone  
  26  2:12  Drone  
  28  2:21  Drone  
  28  2:22  Drone  
  30  2:38  Hatchery  
  30  2:41  Overlord  
  30  2:43  Drone  
  30  2:46  Drone  
  31  2:51  Queen  
  31  2:55  Drone  
  31  2:56  Drone  
  35  2:59  Drone  
  35  3:05  Drone x2  
  38  3:12  Drone x2  
  40  3:13  Drone x2  
  40  3:18  Overlord  
  40  3:19  Drone  
  43  3:22  Drone  
  44  3:32  Lair  
  44  3:36  Roach Warren, Drone x2  
  44  3:39  Drone  
  47  3:41  Drone x2  
  47  3:47  Extractor x2  
  46  3:49  Drone  
  46  3:50  Drone x2  
  46  3:52  Queen  
  51  3:55  Drone  
  51  3:57  Drone  
  53  4:05  Spore Crawler, Drone  
  53  4:08  Drone x3  
  56  4:10  Overlord  
  56  4:12  Overlord  
  56  4:19  Roach  
  58  4:28  Overlord  
  58  4:29  Overseer  
  58  4:31  Roach x4  
  66  4:36  Overlord  
  66  4:37  Roach x2  
  70  4:40  Overlord  
  70  4:54  Drone x2  
  70  4:55  Drone x4  
  70  4:58  Evolution Chamber  
  70  4:59  Overlord  
  75  5:00  Extractor, Drone x3  
  75  5:01  Glial Reconstitution  
  75  5:03  Overseer  
  77  5:07  Overlord  
  77  5:09  Roach  
  77  5:11  Roach  
  81  5:16  Roach x2  
  81  5:21  Overlord  
  85  5:23  Roach x2  
  89  5:32  Drone x2  
  89  5:33  Extractor, Zerg Missile Weapons Level 1  
  89  5:34  Drone x3  
  89  5:35  Drone x2  
  95  5:43  Drone x2  
  95  5:44  Extractor  
  95  5:48  Overlord  
  95  5:49  Infestation Pit, Roach x2  
  98  5:54  Roach x3  
  103  5:58  Overlord  
  103  6:01  Overlord  
  103  6:04  Zergling x8  
  107  6:24  Overlord, Swarm Host x6  
  125  6:31  Swarm Host x3  
  134  6:36  Overlord  
  134  6:37  Overlord  
  134  6:39  Overlord  
  134  6:42  Overlord  
  133  6:48  Swarm Host x2  
  139  6:54  Swarm Host x3  
  139  6:59  Swarm Host x2  
  154  7:04  Ravager  
  154  7:13  Roach x3, Zergling x10  
  154  7:14  Ravager  
  166  7:17  Overlord  
  166  7:19  Swarm Host  
  166  7:21  Swarm Host  
  172  7:27  Swarm Host  
  173  7:34  Zergling x10  
  172  7:44  Zergling x16  
  172  7:47  Ravager x2  
  172  7:48  Ravager x2  
  182  7:51  Overlord x2  
  182  8:02  Roach x3  
  173  8:15  Roach x9  
  166  8:29  Roach x9  
  166  8:32  Ravager x3  
  187  8:35  Zergling x4  
  187  8:40  Zergling x4  
  191  8:46  Zergling x2  
  192  8:50  Zergling x4  
Show
View Real Time Build Order
Export as new Build Order

Rail Protoss 

Build Orders: 1 Gate Expand, Archon Immortal 

Get SALT Encoding   

  12  0:00  Probe  
  13  0:12  Probe  
  14  0:21  Pylon  
  14  0:24  Probe  
  15  0:35  Probe  
  15  0:41  Gateway  
  16  0:43  Probe  
  16  0:49  Assimilator  
  17  0:53  Probe  
  18  1:05  Probe  
  19  1:22  Nexus  
  19  1:31  Cybernetics Core  
  19  1:33  Probe  
  20  1:40  Assimilator  
  20  1:45  Probe  
  21  1:49  Pylon  
  21  1:57  Probe  
  22  2:06  Probe  
  22  2:08  Forge  
  22  2:11  Stalker  
  22  2:15  Probe  
  25  2:16  Warp Gate  
  26  2:23  Probe  
  27  2:30  Probe  
  27  2:32  Probe  
  29  2:38  Probe  
  29  2:40  Protoss Ground Weapons Level 1, Probe  
  30  2:48  Probe  
  30  2:49  Sentry  
  30  2:50  Probe  
  34  2:57  Gateway  
  35  2:58  Probe  
  35  3:03  Probe  
  37  3:06  Probe  
  37  3:10  Pylon  
  38  3:15  Probe x2  
  38  3:16  Sentry  
  42  3:27  Probe x2  
  42  3:28  Robotics Facility  
  44  3:35  Pylon  
  44  3:36  Probe  
  44  3:39  Probe, Pylon  
  46  3:44  Probe  
  46  3:45  Assimilator  
  46  3:47  Assimilator  
  47  3:51  Probe  
  47  3:54  Probe  
  48  3:56  Twilight Council  
  49  4:03  Probe  
  49  4:04  Pylon  
  49  4:06  Probe  
  51  4:15  Probe  
  51  4:17  Observer  
  53  4:18  Probe  
  54  4:28  Probe  
  54  4:30  Gateway x2  
  55  4:33  Charge  
  55  4:35  Gateway  
  55  4:36  Protoss Ground Weapons Level 2  
  55  4:39  Immortal  
  55  4:43  Gateway  
  55  4:45  Pylon  
  59  4:51  Zealot  
  61  5:03  Probe  
  62  5:11  Zealot  
  64  5:14  Pylon  
  64  5:18  Immortal  
  64  5:19  Nexus  
  68  5:30  Templar Archives  
  68  5:33  Sentry  
  68  5:34  Zealot  
  72  5:37  Pylon  
  72  5:44  Probe x2  
  74  5:55  Probe x2  
  76  5:57  Robotics Facility  
  76  6:03  Immortal, Probe x2  
  80  6:05  Pylon  
  80  6:11  Probe x2  
  82  6:17  Stalker x2  
  88  6:22  Probe x2  
  88  6:24  Gateway  
  88  6:25  Protoss Ground Weapons Level 3  
  90  6:30  Gateway  
  90  6:34  Zealot, High Templar x2  
  90  6:35  Immortal, Probe  
  90  6:38  Immortal, Archon  
  97  6:44  Pylon  
  97  6:45  Photon Cannon  
  105  6:54  Pylon  
  105  7:01  Zealot x2  
  105  7:04  Zealot x2  
  113  7:11  Warp Prism  
  113  7:12  Zealot  
  113  7:13  Zealot  
  119  7:18  Pylon  
  119  7:21  Immortal  
  123  7:33  Zealot x3  
  109  7:41  Zealot x3, High Templar x2  
  109  7:44  Assimilator, Pylon  
  117  7:45  Archon  
  117  7:46  Assimilator  
  117  7:50  Immortal  
  121  7:53  Zealot x2  
  121  7:54  Sentry  
  127  8:05  Immortal  
  123  8:13  Zealot x2  
  115  8:23  Nexus  
  100  8:30  Zealot x4, High Templar x2  
  103  8:34  Archon  
  103  8:36  Zealot x2  
  107  8:46  Pylon  
Tags
 
Add a new tag
Caveats
  • Supply blocks, unpowered buildings, or Contaminate may cause inaccurate times.
  • Supply counts are checked every 10 seconds.